 Dungeon Crawl Stone Soup version 0.30-a0-953-g5f1da4a474 (webtiles) character file.

Game seed: 731842909934166612

22773 a11behringer the Severer (level 12, -9/165 HPs)
             Began as a Minotaur Berserker on Mar 29, 2023.
             Was an Elder of Trog.
             Mangled by a skeletal warrior
             ... wielding a +0 scimitar
              (26 damage)
             ... on level 14 of the Dungeon.
             The game lasted 00:32:48 (13798 turns).

a11behringer the Severer (Minotaur Berserker)      Turns: 13798, Time: 00:32:50

Health: -9/165     AC: 20    Str: 28    XL:     12   Next: 66%
Magic:  11/11      EV: 14    Int:  4    God:    Trog [****..]
Gold:   803        SH:  0    Dex:  9    Spells: 11/11 levels left

rFire   . . .      SeeInvis .    y - +1 hand axe "Qeuqymun" {freeze, rC+ Will+}
rCold   + . .      Faith    .    (no shield)
rNeg    + + .      Spirit   .    S - +7 ring mail of Puvaty {rN+}
rPois   +          Reflect  .    (helmet restricted)
rElec   .          Rampage  .    C - +0 cloak
rCorr   .                        X - +0 pair of gloves
Will    +++..                    m - +1 pair of boots Stlth
                                 O - amulet of magic regeneration
HPRegen 1.47/turn                i - ring of positive energy
MPRegen 0.52/turn                F - ring of poison resistance

@: berserking (expiring), strong-willed, regenerating, very quick
A: horns 2, retaliatory headbutt
a: Renounce Religion, Berserk, Trog's Hand, Brothers in Arms


You were on level 14 of the Dungeon.
You worshipped Trog.
Trog was greatly pleased with you.
You visited 1 branch of the dungeon, and saw 14 of its levels.
You also visited: Ossuary.

You collected 803 gold pieces.

Inventory:

Hand Weapons
 f - the +11 short sword "Epedainn" {heavy, *Corrode Str+6 Dex+2}
   (Trog gifted it to you on level 12 of the Dungeon)

   Str:       It affects your strength (+6).
   Dex:       It affects your dexterity (+2).
   *Corrode:  It may corrode you when you take damage.
 u - a +0 longbow
 y - the +1 hand axe "Qeuqymun" (weapon) {freeze, rC+ Will+}
   (You found it on level 5 of the Dungeon)

   rC:        It protects you from cold.
   Will:      It increases your willpower.
 H - a +1 vampiric trident
 K - a +0 arbalest
 P - a +2 heavy halberd
 R - a +2 battleaxe
 T - a +2 flail of holy wrath
Armour
 m - a +1 pair of boots (worn)
 C - a +0 cloak (worn)
 S - the +7 ring mail of Puvaty (worn) {rN+}
   (You found it on level 8 of the Dungeon)

   rN:        It protects you from negative energy.
 X - a +0 pair of gloves (worn)
Jewellery
 a - a +6 ring of dexterity
 i - a ring of positive energy (left hand)
 r - a ring of magical power
 t - a ring of resist corrosion
 F - a ring of poison resistance (right hand)
 N - a ring of magical power
 O - an amulet of magic regeneration (around neck)
 V - a ring of protection from fire
Wands
 c - a wand of flame (57)
 q - a wand of acid (5)
 E - a wand of mindburst (22)
 G - a wand of iceblast (27)
 Q - a wand of charming (5)
 W - a wand of polymorph (10)
Scrolls
 b - 6 scrolls of identify
 e - 2 scrolls of magic mapping
 j - 5 scrolls of fog
 l - 4 scrolls of fear
 n - 8 scrolls of teleportation
 o - a scroll of immolation
 p - 5 scrolls of enchant weapon
 D - 2 scrolls of poison
 J - 2 scrolls of enchant armour
Potions
 d - a potion of cancellation {unknown}
 g - a potion of mutation
 h - a potion of attraction
 k - 2 potions of might
 s - a potion of heal wounds
 v - a potion of berserk rage
 w - 2 potions of lignification
 x - 3 potions of flight
 A - 11 potions of curing
 B - a potion of haste
 M - 3 potions of brilliance
 U - a potion of magic {unknown}


   Skills:
 + Level 11.4 Fighting
 * Level 15.5 Axes
 + Level 7.6 Ranged Weapons
 + Level 11.1 Armour
 + Level 10.2 Dodging
 - Level 2.0 Evocations


You had 11 spell levels left.
You didn't know any spells.
Your spell library was empty.

Dungeon Overview and Level Annotations

Branches:
Dungeon (14/15)            Temple (0/1) D:5            Lair (0/5) D:10
    Orc (0/2) D:11        Ossuary (visited)
 Vaults: D:13-14

Altars:
Ashenzari
Cheibriados
Fedhas
Hepliaklqana
Nemelex Xobeh
Okawaru
Qazlal
Trog
Vehumet
Yredelemnul
Zin

Annotations:
D:13 3 runed translucent doors, Vukikuel's ghost, journeyman GrFi


Innate Abilities, Weirdness & Mutations

You have a pair of horns on your head.
You reflexively headbutt those who attack you in melee.


Message History

The skeletal warrior is moderately damaged.
You slash the skeletal warrior! You freeze the skeletal warrior.
The skeletal warrior is heavily damaged.
The skeletal warrior hits you from afar with a +0 trident!
* * * LOW HITPOINT WARNING * * *
The skeletal warrior hits you with a +0 hand axe!
* * * LOW HITPOINT WARNING * * *
The skeletal warrior hits your ogre with a +0 hand axe.
You hit the skeletal warrior. You headbutt the skeletal warrior!!
The skeletal warrior is almost destroyed.
You slash the skeletal warrior! You freeze the skeletal warrior.
Your ogre hits the skeletal warrior with a +0 giant club!!!
The skeletal warrior is destroyed!
Trog accepts your kill.
A vampire mosquito comes into view.
The vampire mosquito buzzes angrily.
You hear an angry buzzing noise. x2
A vampire mosquito comes into view.
The skeletal warrior barely misses you.
The skeletal warrior hits you but does no damage.
The skeletal warrior hits you with a +0 short sword.
* * * LOW HITPOINT WARNING * * *
Items here: )) [ †.
You hit the skeletal warrior. You freeze the skeletal warrior.
You headbutt the skeletal warrior!!
The skeletal warrior is severely damaged.
You hit the skeletal warrior. You freeze the skeletal warrior.
You hit the skeletal warrior.
Your ogre hits the skeletal warrior with a +0 giant club!!!
You slice the skeletal warrior!! You freeze the skeletal warrior.
You destroy the skeletal warrior!
Trog accepts your kill.
You hit the skeletal warrior but do no damage. x2
A vampire mosquito comes into view.
You slash the skeletal warrior! You freeze the skeletal warrior.
Your headbutt misses the skeletal warrior.
The skeletal warrior is almost destroyed.
You hit the skeletal warrior. You freeze the skeletal warrior.
The skeletal warrior hits you but does no damage.
The skeletal warrior hits you with a +0 scimitar!!
You die...

#.... .....
##.#.. #....
...... #...#
......##.^.#
.....$.....#
........$..#
......zzO..#
.......@)).#
##.....)...#
##.y.......#
.......<...#
..y........#
y..........#
##...........
#.............
#...>..........


You could see 2 skeletal warriors, 3 vampire mosquitoes and a friendly ogre
(summoned, berserk).

Vanquished Creatures
  A centaur warrior (D:13)
  4 two-headed ogres
  A death yak (D:10)
  A tengu warrior (D:14)
  A skeletal warrior (D:14)
  An ugly thing (D:13)
  2 cyclopes
  A torpor snail (shapeshifter) (D:13)
  2 meliai (D:14)
  A hornet (D:8)
  3 trolls
  Prince Ribbit (D:8)
  11 slime creatures (D:12)
  Sigmund (D:3)
  A wraith (D:10)
  A shadow (D:12)
  A vampire (D:12)
  15 yaks
  A wyvern (D:9)
  Grum (D:11)
  15 vampire mosquitoes
  An acid dragon (D:9)
  A water moccasin (D:8)
  8 orc warriors
  A sky beast (D:6)
  3 black bears
  2 ogres (D:5)
  4 wolves (D:11)
  11 centaurs
  A phantom (D:5)
  A kobold brigand (D:9)
  2 bullfrogs (D:7)
  A gnoll sergeant (D:7)
  4 scorpions
  3 wights (D:8)
  3 killer bees (D:7)
  3 electric eels (D:11)
  4 howler monkeys
  A jelly (D:5)
  A gnoll bouda (D:7)
  4 orc priests
  4 hounds
  2 iguanas (D:6)
  11 orc wizards
  A sleepcap (D:5)
  15 mummies
  3 adders
  16 gnolls
  2 white imps
  2 ufetubi
  A worm (D:2)
  8 dart slugs
  43 orcs
  4 endoplasms
  6 giant cockroaches
  7 hobgoblins
  8 jackals
  4 quokkas
  8 ball pythons
  3 bats
  4 frilled lizards
  2 gnoll skeletons (Ossuary)
  7 goblins
  4 goblin skeletons (Ossuary)
  A goblin zombie (D:4)
  14 kobolds
  A kobold skeleton (Ossuary)
  An orc skeleton (Ossuary)
  An orc zombie (D:4)
  5 rats
  11 rat skeletons (Ossuary)
324 creatures vanquished.

Vanquished Creatures (collateral kills)
  A two-headed ogre (D:10)
  A boulder beetle (D:14)
  2 death yaks (D:10)
  A skeletal warrior (D:14)
  Joseph (D:8)
  A meliai (D:14)
  A wyvern (D:10)
  A wraith (D:10)
  A wight (D:8)
10 creatures vanquished.

Vanquished Creatures (others)
  An orc wizard (D:11)
  An orc (D:11)
  2 fungi (D:7)
  3 plants (D:13)
7 creatures vanquished.

Grand Total: 341 creatures vanquished

Notes
Turn   | Place    | Note
-------+----------+-------------------------------------------
     0 | D:1      | a11behringer the Minotaur Berserker began the quest for the
                  | Orb.
     0 | D:1      | Reached XP level 1. HP: 19/19 MP: 0/0
   196 | D:1      | Reached skill level 4 in Axes
   196 | D:1      | Reached XP level 2. HP: 20/27 MP: 1/1
   577 | D:1      | Reached XP level 3. HP: 33/33 MP: 2/2
   619 | D:1      | Reached ** piety under Trog
  1216 | D:2      | Reached XP level 4. HP: 40/40 MP: 3/3
  1677 | D:3      | Reached skill level 5 in Axes
  1840 | D:3      | Reached *** piety under Trog
  2101 | D:3      | Noticed Sigmund
  2112 | D:3      | Killed Sigmund
  2113 | D:3      | Reached XP level 5. HP: 39/47 MP: 4/4
  2113 | D:3      | Reached XP level 6. HP: 45/55 MP: 5/5
  2493 | D:4      | Reached skill level 6 in Axes
  2567 | D:4      | Found a sand-covered staircase.
  2738 | Ossuary  | Entered an ossuary
  3118 | Ossuary  | Reached skill level 5 in Fighting
  3494 | Ossuary  | Reached **** piety under Trog
  3722 | D:4      | Identified the +9 short sword of Eternity {heavy, Fragile
                  | Fly rC++ Str+3}
  3731 | D:4      | Found a stormy altar of Qazlal.
  3758 | D:4      | Reached XP level 7. HP: 58/61 MP: 6/6
  3909 | D:5      | Entered Level 5 of the Dungeon
  4042 | D:5      | Identified the +1 hand axe "Qeuqymun" {freeze, rC+ Will+}
  4177 | D:5      | Reached skill level 7 in Axes
  4256 | D:5      | Reached skill level 5 in Armour
  4259 | D:5      | Found a basalt altar of Yredelemnul.
  4259 | D:5      | Found a radiant altar of Vehumet.
  4479 | D:5      | Found a staircase to the Ecumenical Temple.
  4803 | D:5      | Found a sparkling altar of Nemelex Xobeh.
  4813 | D:5      | Reached skill level 8 in Axes
  4813 | D:5      | Reached skill level 5 in Dodging
  4813 | D:5      | Reached XP level 8. HP: 69/70 MP: 7/7
  4879 | D:5      | Found a blossoming altar of Fedhas.
  5334 | D:6      | Found a hazy altar of Hepliaklqana.
  5495 | D:6      | Reached ***** piety under Trog
  5496 | D:6      | Reached skill level 9 in Axes
  5937 | D:7      | Reached XP level 9. HP: 67/79 MP: 8/8
  6095 | D:7      | Found a snail-covered altar of Cheibriados.
  6098 | D:7      | Found a bloodstained altar of Trog.
  6102 | D:7      | Found a glowing silver altar of Zin.
  6184 | D:7      | Noticed a two-headed ogre
  6205 | D:7      | Killed a two-headed ogre
  6206 | D:7      | Reached skill level 10 in Axes
  6206 | D:7      | Reached skill level 1 in Evocations
  6490 | D:7      | Found an iron altar of Okawaru.
  7101 | D:8      | Noticed a two-headed ogre
  7113 | D:8      | Killed a two-headed ogre
  7114 | D:8      | Reached skill level 11 in Axes
  7290 | D:8      | Found a broken altar of Ashenzari.
  7371 | D:8      | Noticed Prince Ribbit
  7384 | D:8      | Killed Prince Ribbit
  7485 | D:8      | Reached XP level 10. HP: 46/85 MP: 9/9
  7486 | D:8      | Noticed Joseph
  7497 | D:8      | Killed Joseph
  7557 | D:8      | Identified the +7 ring mail of Puvaty {rN+}
  8163 | D:9      | Noticed a two-headed ogre
  8172 | D:9      | Killed a two-headed ogre
  8579 | D:9      | Reached skill level 12 in Axes
  9404 | D:10     | Entered Level 10 of the Dungeon
  9980 | D:10     | Reached XP level 11. HP: 65/97 MP: 10/10
 10159 | D:10     | Noticed a death yak
 10160 | D:10     | Noticed a two-headed ogre
 10166 | D:10     | Killed a two-headed ogre
 10167 | D:10     | Reached skill level 13 in Axes
 10170 | D:10     | Killed a death yak
 10170 | D:10     | Noticed a death yak
 10171 | D:10     | Reached skill level 5 in Ranged Weapons
 10172 | D:10     | Noticed a death yak
 10176 | D:10     | Killed a death yak
 10177 | D:10     | Found a staircase to the Lair.
 10205 | D:10     | Killed a death yak
 10219 | D:10     | Reached skill level 10 in Fighting
 10872 | D:11     | Reached skill level 10 in Armour
 10982 | D:11     | Reached skill level 14 in Axes
 11049 | D:11     | Found a staircase to the Orcish Mines.
 11338 | D:11     | Noticed Grum
 11372 | D:11     | Killed Grum
 11802 | D:12     | Identified the +11 short sword "Epedainn" {heavy, *Corrode
                  | Str+6 Dex+2} (Trog gifted it to you on level 12 of the
                  | Dungeon)
 11802 | D:12     | Received a gift from Trog
 11806 | D:12     | Noticed a two-headed ogre
 12005 | D:12     | Reached XP level 12. HP: 93/108 MP: 11/11
 12010 | D:12     | Killed a two-headed ogre
 12913 | D:13     | Noticed a centaur warrior
 12928 | D:13     | Killed a centaur warrior
 13100 | D:13     | Reached skill level 15 in Axes
 13434 | D:13     | Found a runed translucent gate.
 13434 | D:13     | Found a runed translucent gate.
 13434 | D:13     | Found a runed translucent gate.
 13434 | D:13     | Noticed Vukikuel's ghost (journeyman GrFi)
 13434 | D:13     | Noticed a 12-headed hydra
 13434 | D:13     | Noticed a 12-headed hydra
 13772 | D:14     | Noticed a boulder beetle
 13772 | D:14     | Noticed a tengu warrior
 13783 | D:14     | Killed a boulder beetle
 13784 | D:14     | Reached skill level 10 in Dodging
 13785 | D:14     | Killed a tengu warrior
 13798 | D:14     | Mangled by a skeletal warrior

Illustrated notes

Levels and vault maps discovered:
D:1:      eino_arrival_water_star, layout_loops_ring, minmay_hexomino_f4
D:2:      layout_basic
D:3:      layout_loops_cross, kennysheep_generic_room_4, uniq_sigmund
D:4:      layout_loops_ring, mainiacjoe_overflow_chevrons,
          nicolae_ossuary_entry_giza
D:5:      layout_basic, overflow_temple_1_default,
          lemuel_coloured_pillars_altar, jmf_multi_god_temple,
          minmay_temple_entry_offerings
D:6:      layout_rooms, mainiacjoe_overflow_small_starburst
D:7:      layout_loops_ring, mainiacjoe_overflow_tiny_flanked,
          grunt_temple_overflow_diamond, serial_co_window_serial,
          co_window_corner_a, co_window_of_opportunity_a, co_window_corner_a,
          co_window_corner_a, co_window_paths_a, co_window_corner_b,
          co_window_broadway_b, co_window_cross_2, co_window_cross_3,
          co_window_corner_ca, co_window_2corner
D:8:      layout_gridville, kennysheep_little_box, uniq_joseph,
          uniq_prince_ribbit1
D:9:      layout_basic
D:10:     layout_loops_ring, dpeg_lair_monsters
D:11:     layout_roguey, erik_orc_2, uniq_grum
D:12:     layout_gridville
D:13:     layout_roguey, gammafunk_ghost_hydra_chop
D:14:     evilmike_iron_armoury, layout_gridville, david_vaults_5, serial_shops,
          nicolae_shop_advertising_works [nicolae_subvault_shop_adworks],
          hangedman_abyss_or_decor_lesser_grid

Skill      XL: |  1  2  3  4  5  6  7  8  9 10 11 12 |
---------------+-------------------------------------+-----
Axes           | 4 5 6 8 9 11 12 14 15 | 15.5
Fighting       | 4 5 6 7 8 9 10 11 | 11.4
Armour         | 3 4 5 6 7 9 10 11 | 11.1
Dodging        | 3 4 5 6 7 8 9 10 | 10.2
Evocations     | 2 |  2.0
Ranged Weapons | 2 4 6 7 |  7.6

Action                     |  1- 3 |  4- 6 |  7- 9 | 10-12 || total
---------------------------+-------+-------+-------+-------++-------
  Melee: Hand axe          |    79 |   191 |   259 |   537 ||  1066
         Headbutt          |     6 |    43 |    52 |   123 ||   224
         Punch             |       |     3 |     3 |     8 ||    14
   Fire: Arbalest          |       |       |       |     8 ||     8
 Invoke: Trog's Hand       |       |       |     2 |     6 ||     8
         Berserk           |       |       |     2 |     4 ||     6
         Brothers in Arms  |       |       |       |     5 ||     5
    Use: Scroll            |       |    12 |     6 |     4 ||    22
         Potion            |       |       |       |     1 ||     1
 Armour: Animal skin       |     9 |       |       |       ||     9
         Ring mail         |    15 |    25 |    63 |   240 ||   343
         Scale mail        |       |       |    17 |       ||    17
         Chain mail        |       |       |    14 |     9 ||    23
  Dodge: Dodged            |    50 |    68 |   122 |   287 ||   527

Table legend: (Time is in decaauts)
 A = Elapsed time spent in this place.
 B = Non-inter-level travel time spent in this place.
 C = Inter-level travel time spent in this place.
 D = Time resting spent in this place.
 E = Time spent auto-exploring this place.
 F = Levels seen in this place.
 G = Mean time per level.
                   A        B        C        D        E       F      G
               +--------+--------+--------+--------+--------+-----+--------+
         Total |  13631 |  12861 |    770 |      0 |  10939 |  15 |  908.7 |
       Dungeon |  12843 |  12073 |    770 |      0 |  10357 |  14 |  917.4 |
       Ossuary |    787 |    787 |      0 |      0 |    582 |   1 |  787.0 |
               +--------+--------+--------+--------+--------+-----+--------+

Top non-repeatable levels by time:
     D:7: 1511 daAuts
    D:11: 1356 daAuts
     D:9: 1259 daAuts
     D:5: 1178 daAuts
    D:10: 1095 daAuts
     D:8: 1019 daAuts
    D:12: 896 daAuts
    D:13: 894 daAuts
     D:3: 813 daAuts
     D:4: 793 daAuts
 Ossuary: 787 daAuts
     D:2: 772 daAuts
     D:1: 749 daAuts
     D:6: 487 daAuts
    D:14: 15 daAuts
